 Dungeon Crawl Stone Soup version 0.31.0-32-g396128a36d (webtiles) character file.

Game seed: 2820364480419176601

26 ChadusMaximus the Caller (level 3, 0/24 HPs)
             Began as a Barachi Summoner on Mar 18, 2024.
             Slain by Pargi (1 damage)
             ... on level 3 of the Dungeon.
             The game lasted 00:01:31 (1235 turns).

ChadusMaximus the Caller (Barachi Summoner)         Turns: 1235, Time: 00:01:31

Health: 0/24       AC:  3    Str:  9    XL:     3   Next: 8%
Magic:  4/7        EV: 12    Int: 17    God:
Gold:   52         SH:  0    Dex: 12    Spells: 6/7 levels left

rFire   . . .        c - +0 spear
rCold   . . .        (no shield)
rNeg    . . .        a - +0 robe
rPois   .            (no helmet)
rElec   .            (no cloak)
rCorr   .            (no gloves)
SInv    .            g - +0 pair of boots
Will    +....        (no amulet)
Stlth   ++           f - ring of willpower
HPRegen 0.24/turn    (no ring)
MPRegen 0.10/turn

%: no passive effects
@: unable to hop, slow
A: amphibious, slowness 1, strong legs 1, +LOS
a: Hop


You were on level 3 of the Dungeon.
You visited 1 branch of the dungeon, and saw 3 of its levels.

You collected 52 gold pieces.

Inventory:

Hand Weapons
 c - a +0 spear (weapon)
Armour
 a - a +0 robe (worn)
 g - a +0 pair of boots (worn)
Jewellery
 f - a ring of willpower (left hand)
Wands
 h - a wand of mindburst (19)
Scrolls
 d - a scroll of identify {unknown}
 e - a scroll of revelation {unknown}
Potions
 b - a potion of magic
 i - a potion of resistance {unknown}


   Skills:
 - Level 2.1 Dodging
 - Level 1.7 Stealth
 + Level 2.7 Spellcasting
 * Level 5.6 Summonings


You had 6 spell levels left.
You knew the following spells:

 Your Spells              Type           Power      Damage    Failure   Level
a - Summon Small Mammal   Summ           84%        N/A       1%          1

Your spell library contained the following spells:

 Spells                   Type           Power      Damage    Failure   Level
 Call Imp                 Summ           42%        N/A       2%          2
 Call Canine Familiar     Summ           21%        N/A       5%          3
 Summon Blazeheart Golem  Fire/Summ      11%        N/A       50%         4
 Summon Lightning Spire   Summ/Air       11%        N/A       50%         4


Dungeon Overview and Level Annotations

Branches:
Dungeon (2/15)

Altars:

Annotations:
D:3 Pargi


Innate Abilities, Weirdness & Mutations

You are amphibious.
You cover ground slowly.
You can hop short distances.
You have an extended range of vision and can be seen from far away.


Message History

Things that are here:
a +0 falchion; an orc skeleton
There is an open door, spattered with blood here.
Things that are here:
a +0 club; a +0 scale mail; an orc skeleton
Okay, then.
There is an open door, spattered with blood here.
Things that are here:
a +0 club; a +0 scale mail; an orc skeleton Pargi attacks as he pursues you!
Pargi bites you! Pargi claws you. x2
Pargi bites you. Pargi barely misses you. Pargi claws you but does no damage.
Pargi attacks as he pursues you! Pargi bites you.
Pargi claws you but does no damage. Pargi barely misses you.
Hop to where?
Press: ? - help, Dir - move target Boing!
Pargi attacks as he pursues you! Pargi bites you.
* * * LOW HITPOINT WARNING * * *
Pargi claws you but does no damage. Pargi closely misses you.
There is an open door, spattered with blood here.
Things that are here:
a +0 club; a +0 scale mail; an orc skeleton
Casting: Summon Small Mammal (safe; 1% risk of failure)
Confirm with . or Enter, or press ? or * to list all spells.
Pargi barely misses you. Pargi claws you.
* * * LOW HITPOINT WARNING * * *
Pargi closely misses you. Pargi attacks as he pursues you!
Pargi closely misses you. Pargi claws you.
* * * LOW HITPOINT WARNING * * *
Pargi barely misses you.
Your quokka closely misses Pargi.
Pargi bites you.
* * * LOW HITPOINT WARNING * * *
Pargi claws you.
* * * LOW HITPOINT WARNING * * *
Pargi completely misses you.
Things that are here:
a +0 falchion; an orc skeleton
Casting: Summon Small Mammal (safe; 1% risk of failure)
Confirm with . or Enter, or press ? or * to list all spells.
Your quokka closely misses Pargi.
Pargi bites you.
You die...

#.##.#.....#.#........#
###.#.##.#.....#.##########
#........#######.# # #.###.#.##
##+## # #.# #.#.# ##...## # #.#
#.#.### ##.....## ## #.#
#....r###.......## ##.
#.#####.###...#.##r........####..
...............)@T.........'.....
.##########...#.##.........####..
##.##(###.......## ##. ####.#
##[....## ## ###.# ##...## #...#
##'## #.### #.# #.# #.# #.# #.#


You could see Pargi (ally target) and 2 friendly quokkas.

Vanquished Creatures
  An orc (D:3)
  A ball python (D:1)
  2 bats (D:1)
  An endoplasm (D:1)
  A giant cockroach (D:1)
  4 goblins (D:1)
  3 hobgoblins
  A kobold (D:1)
  A rat (D:1)
15 creatures vanquished.

Vanquished Creatures (collateral kills)
  2 orcs (D:3)
  A hobgoblin (D:1)
  A rat (D:1)
4 creatures vanquished.

Grand Total: 19 creatures vanquished

Notes
Turn   | Place    | Note
-------+----------+-------------------------------------------
     0 | D:1      | ChadusMaximus the Barachi Summoner began the quest for the
                  | Orb.
     0 | D:1      | Reached XP level 1. HP: 13/13 MP: 3/3
   148 | D:1      | Reached skill level 5 in Summonings
   352 | D:1      | Reached XP level 2. HP: 12/19 MP: 5/5
   949 | D:2      | You fall into a shaft and drop 1 floor!
  1037 | D:3      | Reached XP level 3. HP: 19/24 MP: 4/7
  1204 | D:3      | Noticed Pargi
  1234 | D:3      | HP: 1/24 [Pargi (2)]
  1235 | D:3      | Slain by Pargi

Illustrated notes

Levels and vault maps discovered:
D:1:      wander_arrival_desolate, layout_loops_corners, minmay_pentomino_o2
D:2:      layout_basic, serial_shops, nicolae_shop_waterfront, st_stairs_11
D:3:      layout_loops_corners, fedhas_altar_fruit_tree,
          lexackson_kobold_supper, uniq_natasha, uniq_pargi

Skill      XL: |  1 |
---------------+----+-----
Summonings     | 5 |  5.6
Dodging        | |  2.1
Stealth        | |  1.7
Spellcasting   | |  2.7

Action                     || total
---------------------------++-------
  Melee: Spear             ||    76
         Punch             ||     1
   Cast: Summon Small Mamm ||    18
Ability: Hop               ||     1
   Stab: Sleeping          ||     3
 Armour: Robe              ||    56
  Dodge: Dodged            ||    57
